cohdb
Replays
Latest Replays
All Replays
Popular Replays
Top Player Replays
Match Explorer
How It Works
Community
CoH3 Stats
Reddit
Sign in to upload your games and track your stats! →
Sign in with Steam
Match 39067799
Unlisted
Match 39067799
Overview
Messages
Build Orders
End
Engineer Squad
Construct Barracks
Riflemen Squad
Selects Armored Battlegroup
Selects Armored Battlegroup
Selects Armored Battlegroup
Selects Veteran Crews
Riflemen Squad
1⁄4-ton 4x4 Truck
Riflemen Squad
Infantry Support Center
Construct Motor Pool
Selects M31 Recovery Vehicle
M24 Chaffee Light Tank
Selects War Machine
Construct Tank Depot
Selects Strength in Steel
M4(105) Sherman Bulldozer
Demolitions Package
Grenade Package
Engineer Squad
1⁄4-ton 4x4 Truck
1⁄4-ton 4x4 Truck
Selects Seek and Destroy
Selects UNKNOWN (2160077)
M4A3E8 Sherman Easy Eight
Munitions Surplus
1⁄4-ton 4x4 Truck
1⁄4-ton 4x4 Truck
M4A3E8 Sherman Easy Eight
Construct Weapon Support Center
M3 Armored Personnel Carrier
M4A3E8 Sherman Easy Eight
Mortar Pit
M4A3E8 Sherman Easy Eight
STALKER4732
kit.ohume
Devochkin
riecheLoch47
moon
Starman
0
0
Comments
sign in to comment!
No comments posted yet!